[Event "4th Tata Steel India Blitz Open 2022"]
[Site "Kolkota"]
[Date "2022.12.03"]
[Round "7.4"]
[White "Rameshbabu, Praggnanandhaa"]
[Black "Vidit, Santosh Gujrathi"]
[Result "1-0"]
[ECO "A04"]
[WhiteElo "2678"]
[BlackElo "2724"]
[Annotator "TA"]
[PlyCount "89"]
[EventDate "2022.11.29"]
[EventType "tourn"]
[EventCountry "IND"]
[SourceTitle "playchess.com"]
[Source "ChessBase"]
[SourceQuality "1"]
[TimeControl "180+2"]

1. Nf3 Nf6 2. g3 c5 3. Bg2 Nc6 4. O-O e5 5. e4 d6 ({Resist} 5... d5 6. exd5 Nxd5 7. Nxe5 $14) 6. c3 {[%emt 0:00:04] A04: Unusual lines after 1 Nf3 and King's Indian Attack.} Be7 7. d4 cxd4 ({Not} 7... Nxe4 8. d5 $16) 8. cxd4 {[%emt 0:00:02] The position is equal.} Bg4 (8... Nxe4 $2 9. d5 $18) 9. Be3 d5 {[%emt 0:00:02] [#]} 10. exd5 $146 ({Predecessor:} 10. dxe5 Nxe4 11. Qa4 O-O 12. Re1 Qd7 13. Nfd2 Nxd2 14. Bxd2 d4 15. Na3 {0-1 (27) Mrithyunjay,M (2206)-Martinovici,I (2395) Cattolica 2021}) 10... Nxd5 11. Qb3 (11. h3 {simplifies} Bxf3 12. Qxf3 exd4 13. Qxd5 dxe3 14. fxe3 O-O 15. Qxd8 Raxd8 16. Nc3) 11... Nxe3 $1 12. fxe3 {[%emt 0:00:02][%cal Of3g5] aiming for Ng5!} O-O 13. Qxb7 Rc8 {[%emt 0:00:01] Strongly threatening ...Rc7.} 14. Nxe5 Nxe5 15. dxe5 Bc5 (15... Rb8 $5 16. Qe4 Be6 $15) 16. Nc3 {[%emt 0:00:01] Prevents Be2.} Bxe3+ {[%emt 0:00:19] A strong pair of Bishops.} 17. Kh1 Rb8 $2 {[%emt 0:00:05][%mdl 8192] This move loses the game for Black.} (17... Qd4 $11 {and Black has nothing to worry.}) 18. Qe4 $1 $18 Qd4 {[%emt 0:00:01] [#]} 19. Rf4 $1 Qd2 (19... Qxe4 {keeps fighting.} 20. Rxe4 Be6 21. Rxe3 Rxb2) 20. Rxg4 {[%emt 0:00:10] Black must now prevent Rd1.} Qxb2 21. Re1 Bd2 (21... Qxc3 $142 22. Rxe3 Qc7) 22. Nd5 Kh8 23. Rf1 {[%emt 0:00:06][%cal Og4g7] White threatens Rxg7! and mate.} Qxa2 {[%emt 0:00:02] [#]} 24. Ne7 (24. Rxg7 $142 $3 Kxg7 25. Nf6 Qb1 26. Rxb1 Rxb1+ 27. Qxb1 Rh8 28. Nh5+ Kh6 29. Qf5) 24... Rbe8 (24... Qe6 $142 25. Nc6 Rbc8) 25. Nf5 g6 26. Nd6 Re7 27. Qd4 Kg8 28. Bd5 Qc2 29. Nxf7 Bc3 30. Qf2 (30. Ng5+ $142 Ref7 31. Bxf7+ Kg7 32. Qd6 h5 33. Ne6+ Kh7 34. Qxf8 Qg2+ 35. Kxg2 hxg4 36. Qg7#) 30... Qxf2 31. Rxf2 Kg7 32. e6 a5 33. Rc4 Bb4 34. Rfc2 Rb8 35. Rc7 a4 36. Rxe7 Bxe7 37. Rc7 Kf6 38. Ra7 a3 39. Nh6 {[%emt 0:00:03] Threatens to win with Ng4+.} Bc5 40. Ra5 Bd6 41. Ng4+ Ke7 42. Ra7+ Bc7 43. Rxc7+ Kd6 44. Rd7+ Kc5 45. e7 {[%emt 0:00:01] Weighted Error Value: White=0.68/Black=0.76} (45. Nf6 $142 Rc8 46. e7 a2 47. Bxa2 (47. e8=N a1=Q+ 48. Kg2 Kb4 $11) 47... Kb4 48. Rd8 Rc1+ 49. Kg2 Re1 50. Rd4+ Kc3 51. Re4) 1-0

[Event "4th Tata Steel India Blitz Open 2022"]
[Site "Kolkota"]
[Date "2022.12.03"]
[Round "7.5"]
[White "Gukesh D"]
[Black "Nakamura, Hikaru"]
[Result "1-0"]
[ECO "D37"]
[WhiteElo "2725"]
[BlackElo "2768"]
[Annotator "TA"]
[PlyCount "101"]
[EventDate "2022.11.29"]
[EventType "tourn"]
[EventCountry "IND"]
[SourceTitle "playchess.com"]
[Source "ChessBase"]
[SourceQuality "1"]
[TimeControl "180+2"]

1. d4 Nf6 2. c4 e6 3. Nf3 d5 4. Nc3 Be7 5. cxd5 exd5 6. Bf4 O-O 7. e3 b6 8. Bd3 c5 9. O-O Bb7 10. Rc1 $1 {[%emt 0:00:06][%mdl 4] is currently scoring better than 10.Ne5.} a6 11. Ne5 Nbd7 12. Qf3 {[%emt 0:00:05] D37: Queen's Gambit Declined: 5 Bf4.} Re8 13. Rfd1 Ra7 14. g4 {[%emt 0:00:54] [#] White is much more active. White is better.} (14. Bf5 $5 ) 14... c4 $146 {[%emt 0:00:00] Against g5} (14... g6 $14) ({Predecessor:} 14... g6 15. Be2 b5 16. Qh3 b4 17. Na4 Nxe5 18. dxe5 Nd7 19. Bf3 Qa5 20. b3 c4 {½-½ (35) Nogueiras Santiago,J (2545)-Speelman,J (2530) Taxco 1985}) 15. Bf5 $16 Nf8 16. Bb1 ({White should play} 16. h4 $16) 16... Qa8 17. g5 Ne4 18. Nxe4 ({White should try} 18. Bxe4 $16 dxe4 19. Qg3 (19. Qh5 Bd5 $16)) 18... dxe4 $14 19. Qh5 g6 $1 20. Qh4 b5 21. Ng4 $1 $36 {[%emt 0:00:05][%mdl 2048] [#] Black must now prevent Nh6+. White has the initiative.} h5 22. Nh6+ (22. Be5 $5) 22... Kh7 23. Nxf7 Bd5 24. Ne5 Nd7 {[%emt 0:00:01] [#] Prevents f3. White now steadily converts the win.} (24... Ne6 $14) 25. f3 $1 $18 Nb6 $2 (25... Nf8 26. Qh3 Kg7) 26. Bg3 Qd8 27. Bf4 ({Weaker is} 27. fxe4 Bxg5 28. Qh3 Bxe3+ 29. Bf2 Bxc1 30. exd5 Rg7 31. Qxh5+ (31. Rxc1 $2 {is the wrong capture.} Qg5+ 32. Bg3 Qxc1+ $19) 31... Kg8 32. Bxg6 Qxd5 33. Rxc1 Re6 $11) 27... Qa8 28. Rf1 ({But not} 28. Bg3 Qd8 $18) 28... Bb4 29. Rf2 Kg7 (29... Nd7 $142 30. Bg3 Nxe5 31. Bxe5 Rxe5) 30. Rcf1 Rf8 31. Bg3 {[%emt 0:00:03][%cal Oe5g6] Nxg6! is the strong threat.} exf3 32. Bxg6 Re7 33. e4 Bb7 34. Bf5 (34. Qxh5 $142 Rh8 35. Qxf3 Qf8 36. Qf6+ Qxf6 37. gxf6+ Kg8 38. fxe7 Bxe7 39. Rf7) 34... Rh8 35. Ng6 Rxe4 36. Bxe4 {[%emt 0:00:01][%cal Oh4f4] Qf4! would kill now.} Bxe4 37. Nxh8 Nd7 38. g6 {[%emt 0:00:04][%cal Oh4h5] Intending Qxh5! and mate.} Qd5 39. Nf7 Qxd4 40. Qxh5 Bc5 41. Qh7+ Kf8 42. g7+ (42. Ng5 $142 Bd5 43. Qxd7 Kg8 44. Re1 Be7 45. Be5 Qxe5 46. Rxe5 Bf7 47. gxf7+ Kf8 48. Qxe7+ Kg7 49. f8=Q+ Kg6 50. Qh7#) 42... Qxg7 43. Qxg7+ Kxg7 44. Ng5 Bd5 45. Kh1 {[%emt 0:00:02] And now Rd2 would win.} b4 46. Rd2 Ba8 47. Rxd7+ Kg6 48. Nxf3 {[%emt 0:00:02] White threatens Kg2 and mate.} c3 49. bxc3 {[%emt 0:00:02] White mates.} bxc3 50. Rc7 Bb4 51. Be5 {[%emt 0:00:02] Weighted Error Value: White=0.43/Black=0.82} (51. Kg1 $142 Be4 52. Ne5+ Kh5 53. Rc8 Kh6 54. Rf7 Bc5+ 55. Rxc5 c2 56. Ng4+ Kg6 57. Rf6+ Kh7 58. Rc7+ Kg8 59. Nh6+ Kh8 60. Rf8#) 1-0

[Event "4th Tata Steel India Blitz Open 2022"]
[Site "Kolkota"]
[Date "2022.12.03"]
[Round "8.2"]
[White "Gukesh D"]
[Black "Rameshbabu, Praggnanandhaa"]
[Result "1-0"]
[ECO "E68"]
[WhiteElo "2725"]
[BlackElo "2678"]
[Annotator "TA"]
[PlyCount "85"]
[EventDate "2022.11.29"]
[EventType "tourn"]
[EventCountry "IND"]
[SourceTitle "playchess.com"]
[Source "ChessBase"]
[SourceQuality "1"]
[TimeControl "180+2"]

1. Nf3 Nf6 2. g3 g6 3. Bg2 Bg7 4. O-O O-O 5. c4 d6 6. d4 Nbd7 7. Nc3 e5 8. e4 b6 9. Re1 {[%emt 0:00:02] E68: King's Indian: Fianchetto: 6...Nbd7 7 0-0 e5 8 e4.} exd4 10. Nxd4 Bb7 {[%emt 0:00:01] Inhibits Nc6.} 11. b3 {[%emt 0:00:05][%cal Bb2b3,Bb3b4][%mdl 32] White is slightly better.} Re8 12. Bb2 Nc5 13. Qc2 {[%emt 0:00:01] [#]} c6 $146 ({Predecessor:} 13... a5 14. Rad1 h5 15. h3 Re7 16. a3 Qe8 17. f3 d5 18. cxd5 Nxd5 19. Nxd5 Bxd5 {½-½ (63) Keymer,V (2558)-Le,Q (2709) Chess.com INT 2020}) 14. Rad1 {[%emt 0:00:02][%cal Oe4e5] White is more active.} Qc7 15. b4 Ne6 16. Nf3 ({Better is} 16. Nxe6 $14 Rxe6 17. Ne2) 16... Ng4 $11 17. Ne2 Ne5 18. Nd2 a5 19. Rb1 (19. bxa5 $11 Rxa5 20. Bc3) 19... axb4 $17 20. f4 Ng4 (20... Rxa2 $6 21. fxe5 Bxe5 22. Nc1 $11 (22. Qb3 Rxb2 23. Rxb2 Nc5 $17)) 21. Bxg7 Nxg7 (21... Ne3 $17 22. Qb2 Nxg2 23. Kxg2 Nxg7 24. Qxb4 Rxa2) 22. Nd4 (22. Bf3 $1 $11 Nf6 23. Rxb4) 22... c5 23. Nb5 Qd7 24. Nf1 Bc6 (24... d5 $1 $17 {[%cal Rd5c4] Threatens to win with ...dxc4.} 25. e5 (25. exd5 Ba6 $15) 25... dxc4 26. Bxb7 Qxb7) 25. Rbd1 (25. h3 $15 Nh6 26. Red1) 25... Bxb5 26. cxb5 Qe6 $36 {[%emt 0:00:01][%mdl 2048] Prevents e5. Black is on the roll.} (26... Qxb5 $6 27. h3 Nh6 28. Qf2 $11) 27. Rd2 (27. Re2 $17 {was worth a try.}) 27... Ra3 $2 ({Black should play} 27... Nf5 $19 {aiming for ...Ra3.} 28. e5 Nd4) 28. Red1 $2 (28. Qd1 $1 $11 {and White is okay.}) 28... Rd8 $1 $19 29. h3 (29. Rd5 $17 {is a better defense.}) 29... Ne3 $1 30. Nxe3 Rxe3 31. Rd3 Rxd3 32. Rxd3 Ra8 33. e5 Rxa2 34. Qb1 {[%emt 0:00:15] [#] Black must now prevent Bd5.} Ne8 $4 (34... dxe5 35. Bd5 Qe7 36. Qxa2 exf4 {[#]} 37. Bxf7+ $1 (37. gxf4 Nf5 $16) 37... Kf8 38. Bb3 Qe1+ 39. Kg2 (39. Kh2 fxg3+ 40. Kg2 Nf5 $18) 39... Qe4+ 40. Rf3 $18) (34... Rxg2+ $1 $19 35. Kxg2 Nf5 36. exd6 Nxd6) 35. Bd5 $18 Qf5 36. Bxa2 Qxh3 37. Qf1 (37. exd6 $142 Nxd6 38. Qe1 (38. Rxd6 Qxg3+ 39. Kh1 Qh3+ 40. Kg1 Qg3+ 41. Kh1 Qh3+ 42. Kg1 Qg3+ $11)) 37... Qd7 38. exd6 Nxd6 39. Qd1 Qh3 40. Qf3 (40. Rxd6 Qxg3+ 41. Kf1 (41. Kh1 Qh3+ 42. Kg1 Qg3+ 43. Kh1 Qh3+ 44. Kg1 Qg3+ $16) 41... Qxf4+ 42. Kg2 Qg5+ 43. Kf2 Qh4+ 44. Ke3 Qg5+ 45. Kd3 c4+ 46. Bxc4 (46. Kxc4 Qc5+ 47. Kd3 Qxd6+ 48. Ke2 Qh2+ 49. Kf1 Qh1+ 50. Ke2 Qxd1+ 51. Kxd1 h5 $19) 46... Qf5+ 47. Kd2 Qf4+ 48. Kc2 Qxc4+ 49. Kb2 Qxb5 $18) (40. Qe1 $142 b3 41. Bxb3) 40... Nf5 41. Qd5 {[%emt 0:00:00] White mates.} Nh6 42. Qe5 Qc8 43. Qf6 {[%emt 0:00:00] Weighted Error Value: White=0.40/Black=0.43} 1-0

[Event "4th Tata Steel India Blitz Open 2022"]
[Site "Kolkota"]
[Date "2022.12.04"]
[Round "10.1"]
[White "Maghsoodloo, Parham"]
[Black "Vidit, Santosh Gujrathi"]
[Result "1/2-1/2"]
[ECO "D45"]
[WhiteElo "2720"]
[BlackElo "2724"]
[Annotator "TA"]
[PlyCount "99"]
[EventDate "2022.11.29"]
[EventType "tourn"]
[EventCountry "IND"]
[SourceTitle "playchess.com"]
[Source "ChessBase"]
[SourceQuality "1"]
[TimeControl "180+2"]

1. d4 d5 2. c4 c6 3. e3 Nf6 4. Nc3 e6 5. Qc2 Nbd7 6. Nf3 Bd6 7. g3 {[%emt 0:00:25] D45: Semi-Slav: 5 e3.} O-O 8. Bg2 {[%emt 0:00:03] [#]} b6 $146 (8... dxc4 $11 9. O-O e5) ({Predecessor:} 8... dxc4 9. O-O Qe7 10. a4 e5 11. Ne4 Nxe4 12. Qxe4 f5 13. Qc2 e4 14. Nd2 b5 {1-0 (35) Prohorov,O (2086)-Castillo Pena,P (1770) Chess.com INT 2020}) 9. O-O $14 {[%emt 0:00:03] White is slightly better.} Ba6 10. b3 (10. e4 {with more complications.} dxe4 11. Nd2 e3 12. fxe3 Ng4 13. Nde4) 10... dxc4 11. Rd1 cxb3 12. axb3 Bb7 13. e4 {[%emt 0:00:02][%cal Be3e4,Be4e5][%mdl 32] And now e5 would win.} (13. Ne5 {is interesting.} Nd5 14. Nc4 Nb4 15. Qe2) 13... Bb4 14. e5 Bxc3 (14... Nd5 {is more complex.} 15. Ng5 g6 16. Nge4 Qb8) 15. Qxc3 Nd5 16. Qc2 h6 {[%emt 0:00:09] Inhibits Ng5.} 17. Ba3 c5 $1 18. Nd2 Rc8 19. Nc4 Rc7 20. Qd2 Qa8 21. Nd6 Bc6 22. Rac1 Rd8 23. h4 Ne7 {[%emt 0:00:06] Pair of Knights!} 24. Bxc6 Nxc6 25. Qf4 Rf8 26. Bb2 cxd4 (26... Ne7 {feels hotter.} 27. Qg4 Nd5 28. Qe2 Rc6) 27. Bxd4 (27. b4 $11 Ndxe5 28. b5 (28. Bxd4 $2 {loses.} Nxd4 29. Kh2 Nef3+ 30. Kh3 Ne2 $19)) 27... Nxd4 $17 28. Qxd4 Rxc1 29. Rxc1 Qf3 (29... Nc5 $15 {should be considered.} 30. Rc3 a5) 30. Rc3 (30. Rc7 {looks sharper.} Nc5 31. b4 Nb3 32. Qe3) 30... Qh5 (30... Qe2 $5 31. Re3 Qa6 $15) 31. Re3 Qg6 32. Kg2 Qc2 33. b4 (33. Rc3 $11 Qe2 34. Re3) 33... Qc6+ 34. Kg1 a5 35. bxa5 bxa5 36. Rc3 Qb6 37. Qxb6 Nxb6 {[%emt 0:00:01][%mdl 4096] Endgame KRN-KRN} 38. Rc7 {[%emt 0:00:04] [#]} a4 ({Better is} 38... Ra8 $1 $17 {Hoping for ...a4.} 39. Nb5 Nd5) 39. Rb7 $1 $11 (39. Ra7 $2 Ra8 40. Rxa8+ Nxa8 $19) 39... Nd5 {[%emt 0:00:05] ...Ra8 is the strong threat.} 40. Ra7 {[%emt 0:00:01] Inhibits Ra8.} Nc3 41. Kg2 h5 42. f4 {[%emt 0:00:01] [#]} (42. Rc7 $11 {keeps the balance.} Nd5 43. Ra7) 42... g6 ({Black should try} 42... Rb8 $1 $17) 43. Kf3 {[%emt 0:00:02] The position is equal.} Kg7 44. Ke3 Nd5+ 45. Kd4 Nb6 46. Kc5 Nd5 47. Rxa4 Ne3 48. Ra3 Nf5 49. Nxf5+ gxf5 50. Kd4 {Weighted Error Value: White=0.15 (very precise) /Black=0.14 (very precise)} 1/2-1/2

[Event "4th Tata Steel India Blitz Open 2022"]
[Site "Kolkota"]
[Date "2022.12.04"]
[Round "10.2"]
[White "Erigaisi Arjun"]
[Black "Abdusattorov, Nodirbek"]
[Result "0-1"]
[ECO "D00"]
[WhiteElo "2718"]
[BlackElo "2713"]
[Annotator "TA"]
[PlyCount "86"]
[EventDate "2022.11.29"]
[EventType "tourn"]
[EventCountry "IND"]
[SourceTitle "playchess.com"]
[Source "ChessBase"]
[SourceQuality "1"]
[TimeControl "180+2"]

1. d4 d5 2. Nc3 Bf5 3. Bf4 e6 4. e3 Bd6 5. Bd3 Ne7 6. Nf3 {[%emt 0:00:09] D00: 1 d4 d5: Unusual lines.} O-O 7. Bg3 c5 {[%emt 0:00:13] [#]} 8. dxc5 $146 {[%emt 0:00:07] The position is equal.} ({Predecessor:} 8. Bh4 f6 9. Bxf5 Nxf5 10. Bg3 Nc6 11. dxc5 Bxc5 12. O-O Rc8 13. e4 Nxg3 14. hxg3 {0-1 (80) Saavedra Aiza,A (1300)-Mattes del Castillo,A (1687) Oruro 2022}) 8... Bxc5 9. e4 Bg6 10. h4 (10. exd5 $14 Nxd5 11. Bxg6 hxg6 12. Nxd5 exd5 13. O-O) 10... Nbc6 (10... Bb4 $1 $15 11. Ng5 dxe4 12. Bxe4 Bxe4 13. Ngxe4 Nbc6) 11. h5 $11 Bxe4 12. Bxe4 dxe4 13. Nxe4 (13. Qxd8 {simplifies} Rfxd8 14. Nxe4 Bb6 15. c3) 13... Qb6 14. h6 $36 {[%emt 0:00:49][%mdl 2048] Black is under pressure.} Qb4+ $2 (14... Rfd8 $1 $11 15. Nfd2 g6) 15. Nfd2 $18 {[%emt 0:00:02] Hoping for hxg7.} g6 (15... Rfd8 {was worth a try.}) 16. c3 Qxb2 17. Nxc5 Rfd8 {[%emt 0:00:04] Against Nd7} (17... Rad8 $142) 18. Rb1 Qxa2 19. Ncb3 (19. Nxb7 $2 Rxd2 $1 20. Qb3 a5 21. Qxa2 Rxa2 $19) 19... a5 20. Qc1 a4 21. Ra1 axb3 22. Rxa2 bxa2 23. Qa1 Nd5 $2 (23... Ra4 24. Bh4 (24. c4 Nf5 $18) 24... Rda8 25. Bxe7 Nxe7) 24. c4 Nc3 {[%emt 0:00:05][%cal Oc6d4] ...Nd4! is the strong threat.} 25. Bh4 $4 {[%emt 0:00:05][%mdl 8192] [#]} (25. Qxc3 $2 a1=Q+ 26. Qxa1 Rxa1+ $19) (25. O-O $1 $18 {was the only winning move.} Rd3 26. Qb2) 25... Nd4 $1 $19 {[%emt 0:00:01][%mdl 64] And now ...Nc2+ would win.} 26. O-O Nde2+ {[%emt 0:00:01][%mdl 64] Discovered Attack. Pair of Knights!} 27. Kh1 Rxd2 28. Bf6 Rd3 (28... Rc2 $19 29. Kh2 Ra5) 29. g3 $1 $11 {[%emt 0:00:01] aiming for Kg2.} e5 30. Bxe5 {[%emt 0:00:01] Black must now prevent Kg2.} Re8 $2 (30... Rad8 $1 $11 {and Black is okay.} 31. Bxc3 Nxc3) 31. Bf6 $2 (31. Bxc3 $1 $18 Nxc3 32. Kg2) 31... Rf3 $2 (31... Re6 $11 32. Bxc3 Nxc3) 32. Bxc3 $1 $18 Nxc3 33. Kg2 ({And not} 33. Rc1 Re2 34. Rxc3 Rfxf2 $11) 33... Rd3 34. Rc1 {[%emt 0:00:01] Inhibits f6.} Ra8 35. Rc2 $4 (35. Rxc3 $2 {loses.} Rxc3 36. c5 g5 $1 $19) (35. Qb2 $18) 35... Rd1 $19 36. Qxc3 a1=Q (36... a1=B {[#]} 37. Rb2 $1 f6 38. Qf3 $18) 37. Rb2 Rg1+ 38. Kh3 Rh1+ 39. Kg2 Qf1+ 40. Kf3 Qd1+ 41. Kg2 Rg1+ 42. Kh2 Rh1+ 43. Kg2 Rxh6 {[%emt 0:00:01] Both players deserved the win here.   Weighted Error Value: White=0.49/Black=0.65} 0-1

[Event "4th Tata Steel India Blitz Open 2022"]
[Site "Kolkota"]
[Date "2022.12.04"]
[Round "10.3"]
[White "Nakamura, Hikaru"]
[Black "Nihal Sarin"]
[Result "1-0"]
[ECO "A22"]
[WhiteElo "2768"]
[BlackElo "2670"]
[Annotator "TA"]
[PlyCount "105"]
[EventDate "2022.11.29"]
[EventType "tourn"]
[EventCountry "IND"]
[SourceTitle "playchess.com"]
[Source "ChessBase"]
[SourceQuality "1"]
[TimeControl "180+2"]

1. c4 Nf6 2. Nc3 e5 3. a3 c6 4. d4 exd4 5. Qxd4 d5 6. e3 {[%emt 0:00:02][%cal Be2e3,Be3e4][%mdl 32] A22: English Opening: 1...e5 2 Nc3 Nf6.} Be6 7. cxd5 Nxd5 8. e4 {[%emt 0:00:26] [#] The position is equal.} Qb6 $146 ({Predecessor:} 8... Nxc3 9. Qxc3 Nd7 10. Be3 Be7 11. Nf3 Qc7 12. h3 Bf6 13. Qc2 O-O 14. Be2 Ne5 {0-1 (67) Rosmuller,A (2112)-Zaragatski,I (2472) Vlissingen 2009}) 9. Nf3 (9. Qxb6 {simplifies} Nxb6 10. Nf3 N8d7 11. Nd4) 9... Nxc3 10. Qxc3 Nd7 (10... Bc5 $15 11. Qd2 Na6 12. Bxa6 (12. b4 Nxb4 13. Rb1 a5 $15) 12... Qxa6) 11. Nd4 (11. Be3 $5 c5 12. Nd2 $14) 11... Nc5 {[%emt 0:00:26] [#] aiming for ...Na4.} 12. Nxe6 Nxe6 13. Bc4 Bc5 14. O-O Bd4 15. Qc2 O-O 16. Rb1 Rad8 17. b4 Qc7 18. g3 Bb6 19. Kg2 Nd4 20. Qd3 Qe7 21. Bb2 Rd7 22. Rfe1 Rfd8 23. Qc3 Ne6 24. Bxe6 fxe6 25. Re2 {[%emt 0:00:00] Prevents Rd2.} Bd4 (25... Qf7 $17) 26. Qc2 e5 (26... Bxb2 {simplifies} 27. Rxb2 a6 28. Rb3 Rd4) 27. Bc1 (27. Rd1 {simplifies} Bxb2 28. Rxd7 Qxd7 29. Qxb2 Qd4 30. Qb3+) 27... Qf7 28. Rb3 (28. a4 {simplifies} Rf8 29. Qb3 a6 30. Qxf7+ Kxf7 31. Rb3) 28... Rf8 (28... b6 {simplifies} 29. Rf3 Qe6 30. Qb3 Qxb3 31. Rxb3 Rc8) 29. f3 (29. Be3 $11) 29... Rd6 ({Black should play} 29... b6 $15) 30. Rd3 Rf6 31. Qb3 Qxb3 32. Rxb3 Rd6 33. Rd3 Rfd8 34. Bg5 R8d7 35. Red2 b6 36. Rd1 Kf7 37. Kf1 (37. Be3 $11 {should be considered.}) 37... h6 (37... c5 $5 38. Ke2 c4 $15) 38. Bc1 c5 39. Ke2 c4 40. R3d2 b5 41. f4 Ke6 42. h4 Bc3 (42... h5 $15) 43. f5+ Ke7 44. Rxd6 Rxd6 45. Rxd6 Kxd6 $11 {[%emt 0:00:00][%mdl 4096] Endgame KB-KB} 46. g4 a5 47. bxa5 Bxa5 48. f6 gxf6 49. Bxh6 b4 $2 (49... Ke6 $11) 50. axb4 $18 Bb6 51. Be3 Bd8 52. h5 {[%emt 0:00:01] [#] Threatening mate with h6.} Ke6 53. b5 {[%emt 0:00:01] Weighted Error Value: White=0.13 (very precise) /Black=0.30} 1-0

[Event "4th Tata Steel India Blitz Open 2022"]
[Site "Kolkota"]
[Date "2022.12.04"]
[Round "10.4"]
[White "So, Wesley"]
[Black "Rameshbabu, Praggnanandhaa"]
[Result "1-0"]
[ECO "A07"]
[WhiteElo "2760"]
[BlackElo "2678"]
[Annotator "TA"]
[PlyCount "71"]
[EventDate "2022.11.29"]
[EventType "tourn"]
[EventCountry "IND"]
[SourceTitle "playchess.com"]
[Source "ChessBase"]
[SourceQuality "1"]
[TimeControl "180+2"]

1. b3 d5 2. Nf3 Bf5 3. Bb2 e6 4. d3 Nf6 5. g3 h6 6. Bg2 Be7 7. O-O O-O 8. Nbd2 Bh7 9. Ne5 Nbd7 10. e4 c6 11. Qe2 a5 12. a3 Re8 {[%emt 0:00:09] A07: Réti Opening: New York and Capablanca Systems.} 13. Kh1 {[%emt 0:00:05] [#]} Bf8 $146 (13... Nxe5 {should be considered.} 14. Bxe5 Bc5) ({Predecessor:} 13... Nxe5 14. Bxe5 Rc8 15. Bb2 dxe4 16. dxe4 b5 17. e5 Nd7 18. Ne4 Qc7 19. f4 Nc5 20. Nf2 {0-1 (49) Lanchava,T (2342)-Pham,L (2304) Khanty-Mansiysk 2010}) 14. f4 $11 a4 {[%emt 0:00:25] The position is equal.} 15. b4 c5 16. Nxd7 Nxd7 17. b5 c4 $1 18. dxc4 Rc8 19. Rac1 Nb6 (19... dxe4 $11 20. Nxe4 (20. Bxe4 Bxe4+ 21. Qxe4 Qc7 $11) 20... Qc7) 20. cxd5 $1 $14 exd5 21. c4 dxe4 {[%emt 0:00:12] Hoping for ...e3.} 22. f5 $1 $36 {[%emt 0:00:01][%mdl 2048] White is more active.} (22. Bxe4 $2 f5 23. Qe3 (23. c5 $2 Bxc5 24. Rfd1 Qe7 $19) 23... fxe4 $19) (22. Nxe4 $2 Bxe4 23. Bxe4 f5 $19) 22... Qd3 ({Black should try} 22... Qg5 $14) 23. Qxd3 $16 exd3 24. Bxb7 Rc7 (24... Re2 $16) 25. Be4 (25. Bc6 $18 {is more deadly.} Re2 26. c5 (26. Bd4 Nd7 $16) 26... Bxc5 27. Rxc5 Rxd2 28. Bd4) 25... Bc5 (25... Nxc4 $2 26. b6 (26. Rxc4 Rxc4 27. Nxc4 Rxe4 $17) (26. Nxc4 Rxe4 27. Nd2 Rxc1 $19) 26... Nxd2 27. bxc7 (27. Bxd3 $2 Rb7 $19) 27... Nxf1 28. Bxd3 $18 (28. c8=R Nxg3+ 29. hxg3 Rxe4 $11)) (25... Rcc8 $16 {is a better defense.}) 26. Rf3 $18 Rce7 (26... Rd7 {might work better.} 27. g4 (27. Bxd3 Be3 $14) (27. Rxd3 Rxd3 28. Bxd3 Rd8 $16) 27... Ree7 28. Rxd3 (28. Bxd3 f6 $16) 28... h5 29. gxh5 Rxd3 30. Bxd3 Rd7) 27. Rxd3 (27. Bxd3 f6 28. g4 Rd7 $16) 27... f6 28. Bd4 Bxd4 (28... Nd7 29. g4 Kh8) 29. Rxd4 {[%emt 0:00:01] White is clearly winning.} Rc7 30. c5 Re5 31. Bc6 Nc8 32. b6 Rxc6 33. b7 (33. Rxa4 Nxb6 34. Ra6 Rexc5 35. Rxc5 Rxc5 $17) 33... Rexc5 34. Rxc5 (34. b8=N $2 {too greedy.} Rxc1+ 35. Kg2 R6c2 $19) 34... Rxc5 35. Rd8+ (35. b8=B Bxf5 36. Rxa4 Rc1+ 37. Kg2 Rc2 $17) 35... Kf7 36. Rxc8 {[%emt 0:00:03] Weighted Error Value: White=0.14 (very precise) /Black=0.49} ({Stronger than} 36. b8=B Bxf5 37. Rd4 Bh3 $17) (36. g4 $142 g5 37. b8=Q (37. b8=B Rc1+ 38. Kg2 Rd1 $14) 37... Bg8 38. Qb4 Rc1+ {[#]} 39. Nf1 $1 Ne7 40. Rd7 $1 Rxf1+ 41. Kg2) 1-0